 Dungeon Crawl Stone Soup version 0.18-a0-993-g4a3b7c7 (webtiles) character file.

821 M4edhros the Sneak (level 7, -13/43 HPs)
             Began as an Octopode Artificer on Jan 4, 2016.
             Was a Follower of Okawaru.
             Killed by the capriciousness of Xom (27 damage)
             ... on level 6 of the Dungeon.
             The game lasted 00:09:41 (5034 turns).

M4edhros the Sneak (Octopode Artificer)             Turns: 5034, Time: 00:09:41

Health: -13/43     AC:  3    Str: 10    XL:     7   Next: 95%
Magic:  11/11      EV: 14    Int: 16    God:    Okawaru [*.....]
Gold:   241        SH:  0    Dex: 11    Spells: 1 memorised, 4 levels left

rFire  . . .     SeeInvis .     w - +0 rapier
rCold  . . .     Gourm    .     (no shield)
rNeg   + . .     Faith    .     (helmet restricted)
rPois  .         Spirit   .     (no amulet)
rElec  .         Dismiss  .     n - ring of protection from magic
rCorr  .         Reflect  .     q - ring of positive energy
SustAt .         Harm     .     (no ring)
MR     +....     Rnd*Rage +     l - +1 ring of slaying
Stlth  +++++.....               (no ring)
                                (no ring)
                                (no ring)
                                (no ring)

@: exhausted, somewhat resistant to hostile enchantments, quite stealthy
A: almost no armour, amphibious, 8 rings, constrict 8, slimy green scales 1,
camouflage 1, berserk 1, clumsy 1, screaming 1, gelatinous body 1
a: Heroism, Renounce Religion


You were on level 6 of the Dungeon.
You worshipped Okawaru.
Okawaru was aware of your devotion.
You were hungry.

You visited 2 branches of the dungeon, and saw 7 of its levels.

You collected 241 gold pieces.

Inventory:

Hand Weapons
 w - a +0 rapier (weapon)
Missiles
 k - 10 poisoned sling bullets
 s - 164 stones (quivered)
Magical Staves
 C - an uncursed staff of air
Jewellery
 l - a +1 ring of slaying (on tentacle)
 n - a ring of protection from magic (left tentacle)
 o - an uncursed ring of ice
 q - a ring of positive energy (right tentacle)
Wands
 c - a wand of enslavement (9/24)
 d - a wand of random effects (9/48)
 u - a wand of flame (29/48)
Scrolls
 g - 4 scrolls of remove curse {unknown}
 h - 3 scrolls of random uselessness {unknown}
 j - 3 scrolls of enchant armour {unknown}
 p - 7 scrolls of identify {unknown}
 r - 2 scrolls of teleportation {unknown}
 y - 2 scrolls of enchant weapon {unknown}
 B - a scroll of amnesia {unknown}
Potions
 e - 2 potions of brilliance
 i - a potion of berserk rage
 m - 2 potions of haste {unknown}
 v - a potion of lignification
Books
 x - a book of Burglary

   Spells                             Type                      Level
   a - Swiftness                      Charms/Air                   2
   b - Passwall                       Transmutation/Earth          3
   c - Passage of Golubria            Translocation                4
   d - Lee's Rapid Deconstruction     Earth                        5
   e - Darkness                       Hexes                        6
   f - Invisibility                   Hexes                        6
Comestibles
 f - 5 bread rations
 t - a slice of pizza
 z - a royal jelly
 A - a beef jerky


   Skills:
 - Level 1.0 Fighting
 - Level 1.0 Short Blades
 * Level 5.6 Dodging
 * Level 7.9 Stealth
 + Level 5.4 Evocations


You had 4 spell levels left.
You knew the following spells:

 Your Spells              Type           Power        Failure   Level  Hunger
a - Swiftness             Chrm/Air       #.......     38%         2    ###....


Dungeon Overview and Level Annotations

Branches:
Dungeon (6/15)             Temple (1/1) D:4

Altars:
Ashenzari
Elyvilon
Fedhas
Gozag
Kikubaaqudgha
Makhleb
Nemelex Xobeh
Okawaru
Qazlal
Ru
Trog
Xom
Yredelemnul
Zin


Innate Abilities, Weirdness & Mutations

You cannot wear most types of armour.
You are amphibious.
You can wear up to eight rings at the same time.
You can use your tentacles to constrict eight enemies at once.
Your skin changes colour to match your surroundings (Stealth).
Your rubbery body absorbs attacks (AC +1).
You are partially covered in slimy green scales (AC +2).
You tend to lose your temper in combat.
You are clumsy. (Dex -2)
You occasionally shout uncontrollably at your foes.


Message History

Press: ? - help, Dir - move target cursor, f - ogre, p - ogre
Aim: an ogre, wielding a giant club Attack!
Your ogre hits the ogre with a giant spiked club!!
The ogre dies!
Okawaru accepts your kill. What do you say? t - Shout!
Orders for allies: a - Attack new target. r - Retreat! s - Stop attacking. w - Wait here. f - Follow me.
Anything else - Stay silent.
Wait here!
You are feeling hungry.
You feel yourself speed up.
You hear Xom's maniacal laughter.
You are caught in a fiery explosion!
The explosion engulfs you!
Ouch! That really hurt!
You die...
Xom snickers!

##
##################.#
#...@............#.#
##.#############..#
# #####..###
#.........
#.###.#### #. #.#
#.###'####
.###....[)..#
............#


There were no monsters in sight!

Vanquished Creatures
  A sky beast (D:5)
  An ice beast (D:5)
  A centaur (D:6)
  A giant frog (D:6)
  A scorpion (D:4)
  A hound (D:4)
  An orc priest (D:4)
  A centaur skeleton (D:5)
  An orc wizard (D:4)
  Natasha (thrice) (D:3)
  A worker ant (D:5)
  3 gnolls
  5 adders
  A shadow imp (D:5)
  An ooze (D:3)
  5 worms
  4 giant geckos
  4 orcs
  6 bats
  10 giant cockroaches
  10 goblins
  12 hobgoblins
  4 jackals
  14 kobolds
  7 quokkas
  3 ball pythons
  A giant gecko skeleton (D:4)
  A giant gecko zombie (D:3)
  8 giant newts
  8 rats
120 creatures vanquished.

Vanquished Creatures (collateral kills)
  An ogre (D:6)
  4 orcs (D:5)
5 creatures vanquished.

Vanquished Creatures (others)
  A gnoll (D:3)
  4 fungi (D:4)
  4 plants (D:4)
9 creatures vanquished.

Grand Total: 134 creatures vanquished

Notes
Turn   | Place    | Note
--------------------------------------------------------------
     0 | D:1      | M4edhros the Octopode Artificer began the quest for the Orb.
     0 | D:1      | Reached XP level 1. HP: 13/13 MP: 3/3
    96 | D:1      | Reached XP level 2. HP: 13/18 MP: 4/4
   580 | D:2      | Reached XP level 3. HP: 23/23 MP: 5/5
   981 | D:3      | Noticed Natasha
   985 | D:3      | Killed Natasha
   985 | D:3      | Reached skill level 4 in Stealth
   985 | D:3      | Reached XP level 4. HP: 23/28 MP: 6/6
   991 | D:3      | Noticed Natasha
   995 | D:3      | Killed Natasha
  1050 | D:3      | Noticed Natasha
  1058 | D:3      | Killed Natasha
  1058 | D:3      | Reached XP level 5. HP: 17/33 MP: 7/7
  1332 | D:4      | Reached skill level 5 in Stealth
  1425 | D:4      | Reached XP level 6. HP: 24/38 MP: 9/9
  1622 | D:4      | HP: 1/38 [gnoll/spear (11)]
  1873 | D:4      | Reached skill level 6 in Stealth
  2208 | D:4      | Found a staircase to the Ecumenical Temple.
  2236 | Temple   | Entered the Ecumenical Temple
  2257 | Temple   | Became a worshipper of Xom of Malevolent Giggling
  2277 | Temple   | Fell from the grace of Xom
  2277 | Temple   | Became a worshipper of Warmaster Okawaru
  2438 | D:1      | XOM: medium Hex miscast
  2813 | D:2      | Found a faded altar to an unknown god.
  2913 | D:2      | XOM: give mutations
  2913 | D:2      | Gained mutation: You tend to lose your temper in combat. [Xom's mischief]
  2913 | D:2      | Gained mutation: You occasionally shout uncontrollably at your foes. [Xom's mischief]
  3099 | D:2      | Learned a level 2 spell: Swiftness
  3154 | D:2      | XOM: give mutations
  3154 | D:2      | Gained mutation: You are partially covered in slimy green scales (AC +2). [Xom's mischief]
  3154 | D:2      | Gained mutation: You are clumsy. (Dex -2) [Xom's mischief]
  3205 | D:2      | Found a stormy altar of Qazlal.
  3208 | D:2      | Noticed a fire elemental
  3208 | D:2      | Noticed a water elemental
  3208 | D:2      | Noticed an air elemental
  3589 | D:3      | Found a sacrificial altar of Ru.
  3905 | D:4      | Found a shattered altar of Ashenzari.
  3909 | D:4      | Saw a vision of the Swamp and the Spider Nest.
  3909 | D:4      | Noticed a redback
  3909 | D:4      | Noticed a wasp
  3909 | D:4      | Noticed a wolf spider
  3909 | D:4      | Noticed a redback
  3909 | D:4      | Noticed a water moccasin
  3909 | D:4      | Noticed a swamp drake
  3909 | D:4      | Noticed a water moccasin
  3911 | D:4      | Noticed a trapdoor spider
  3911 | D:4      | Noticed a trapdoor spider
  4043 | D:5      | Entered Level 5 of the Dungeon
  4174 | D:5      | Reached XP level 7. HP: 33/43 MP: 10/10
  4569 | D:5      | Reached * piety under Okawaru
  4670 | D:5      | Reached skill level 5 in Dodging
  4670 | D:5      | Reached skill level 7 in Stealth
  4670 | D:5      | Reached skill level 5 in Evocations
  4995 | D:6      | XOM: 1-stop teleportation journey
  5034 | D:6      | XOM: medium Fire miscast
  5034 | D:6      | Killed by the capriciousness of Xom

Vault maps used:
D:1:      ncdulo_smallfort, minivault_24
D:2:      ecumenical_altar_2, nicolae_qazlal_style_of_elements
D:3:      first_bread, nicolae_ru_the_path_less_chosen, uniq_natasha
D:4:      minmay_temple_entry_purple_smoke, grunt_ashenzari_visionary
D:5:      dk_noncrumbling_3
D:6:      abandoned_shop
Temple:   grunt_circular_temple_18

Action                   |  1- 3 |  4- 6 |  7- 9 || total
-------------------------+-------+-------+-------++-------
Melee: Short sword       |    69 |   103 |       ||   172
       Rapier            |       |    64 |    27 ||    91
Evoke: Wand              |     1 |     6 |    20 ||    27
  Use: Potion            |       |     7 |       ||     7
 Stab: Sleeping          |    15 |    16 |     2 ||    33
       Distracted        |       |     1 |       ||     1
       Paralysed         |       |       |     1 ||     1
  Eat: Chunk             |       |    11 |     3 ||    14
